 Dungeon Crawl Stone Soup version 0.30.0-18-gf1372a6a44 (webtiles) character file.

Game seed: 13734883565657783803

98 qw the Chopper (level 4, -2/28 HPs)
             Began as a Gargoyle Fighter on May 23, 2023.
             Slain by Grinder (4 damage)
             ... on level 3 of the Dungeon.
             The game lasted 00:00:44 (1526 turns).

qw the Chopper (Gargoyle Fighter)                   Turns: 1526, Time: 00:00:45

Health: -2/28      AC: 14    Str: 22    XL:     4   Next: 71%
Magic:  4/4        EV:  9    Int:  8    God:
Gold:   73         SH:  4    Dex:  9    Spells: 3/3 levels left

rFire   . . .        Y - +0 war axe
rCold   . . .        c - +0 buckler
rNeg    + . .        b - +0 scale mail
rPois   inf          l - +2 helmet
rElec   +            (no cloak)
rCorr   .            (no gloves)
SInv    .            j - +0 pair of boots
Will    .....        i - amulet of the acrobat Stlth
                     (no ring)
HPRegen 0.24/turn    (no ring)
MPRegen 0.09/turn

%: acrobat
@: no status effects
A: sickness immunity, AC +3, negative energy resistance 1, electricity
resistance, torment resistance 1, petrification resistance
a: no special abilities


You were on level 3 of the Dungeon.
You visited 1 branch of the dungeon, and saw 3 of its levels.

You collected 73 gold pieces.


Innate Abilities, Weirdness & Mutations

You are immune to sickness and miasma.
Your stone body is resilient. (AC +3)
You are immune to poison.
You resist negative energy. (rN+)
You are resistant to electric shocks. (rElec)
You are resistant to unholy torment.
You are immune to petrification.


   Skills:
 - Level 3.2 Fighting
 + Level 4.3 Axes
 - Level 3.2 Armour
 - Level 3.2 Shields


You had 3 spell levels left.
You didn't know any spells.
Your spell library was empty.

Inventory:

Hand Weapons
 k - a +0 mace
 Y - a +0 war axe (weapon)
Missiles
 h - 10 boomerangs (quivered)
Armour
 b - a +0 scale mail (worn)
 c - a +0 buckler (worn)
 j - a +0 pair of boots (worn)
 l - a +2 helmet (worn)
Jewellery
 i - an amulet of the acrobat (around neck)
Potions
 d - a potion of might
 e - a potion of heal wounds {unknown}
 m - a potion of haste
 o - a potion of magic {unknown}
 p - a potion of mutation {unknown}

Dungeon Overview and Level Annotations

Branches:
Dungeon (3/15)

Altars:

Annotations:
D:3 Grinder


Message History

Grinder hits you.
You barely miss Grinder.
Grinder is almost dead.
An adder comes into view.
Grinder blinks!
You are too injured to fight recklessly!
Grinder gestures at you.
You suddenly lose the ability to move!
The adder hisses angrily.
You hear a shout!
A gnoll comes into view. It is wielding a +0 club.
Grinder blinks!
The adder bites you.
Grinder blinks!
The adder bites you but does no damage.
You can move again.
You closely miss the adder. The adder bites you but does no damage.
Grinder gestures at you.
You shrug off the repeated paralysis!
The gnoll closely misses you. The adder bites you.
You barely miss the gnoll. You closely miss the adder.
The adder bites you but does no damage. The gnoll closely misses you.
You hit the gnoll.
The gnoll is lightly wounded.
You miss the adder. The adder bites you but does no damage.
The gnoll hits you but does no damage. Grinder gestures at you.
Pain shoots through your body! The adder barely misses you.
You hit the gnoll but do no damage.
The gnoll is lightly wounded.
You closely miss the adder. The adder bites you but does no damage.
The gnoll hits you with a +0 club.
Grinder grins, showing sharp teeth.
The adder bites you but does no damage.
The gnoll drinks a potion.
The gnoll seems to grow stronger.
You closely miss Grinder.
Grinder is almost dead.
You barely miss the gnoll. You slash the adder! The adder barely misses you.
Grinder says, "Don't move a muscle."
Grinder hits you.
You die...

#....... .# #......# ..#
###......#####..###
..................
#............... #####
#..[%......# .# .
.....##......<...##.##.
##.##.g.........#.)..#..
#.<...S@........# #.....
#......5.....?..###.....
#..........>....).......
#................)).....
#...............##%.....
#.........###.####<..#..
#........## #......#)###
#........# #.......#.#
......#..#.#


You could see Grinder, a gnoll (strong) and an adder.

Vanquished Creatures
  2 gnolls (D:3)
  4 adders (D:2)
  A worm (D:3)
  A dart slug (D:2)
  An orc (D:3)
  2 ball pythons
  4 bats (D:2)
  3 endoplasms
  2 giant cockroaches (D:1)
  4 goblins
  5 hobgoblins
  A quokka (D:1)
  A frilled lizard (D:3)
  3 kobolds
  2 rats
36 creatures vanquished.

Notes
Turn   | Place    | Note
-------+----------+-------------------------------------------
     0 | D:1      | qw the Gargoyle Fighter began the quest for the Orb.
     0 | D:1      | Reached XP level 1. HP: 14/14 MP: 1/1
     0 | D:1      | 0 ||| qw: Version: 0.2-a-98-g5d7165a
     0 | D:1      | 0 ||| qw: Game counter: 4
     0 | D:1      | 0 ||| qw: Always use a shield: true
     0 | D:1      | 0 ||| qw: God list: Okawaru
     0 | D:1      | 0 ||| qw: Allow faded altars: false
     0 | D:1      | 0 ||| qw: Do Orc after D:15 true
     0 | D:1      | 0 ||| qw: Do second Lair branch before Depths: true
     0 | D:1      | 0 ||| qw: Lair rune preference: random
     0 | D:1      | 0 ||| qw: Plans: Normal, Zot:1-4, God:TSO, Crypt, Tomb,
                  | Pan, Slime:5, Hells, Abyss, Win
     0 | D:1      | 0 ||| PLANNING D:1-11
   227 | D:1      | Reached skill level 2 in Axes
   247 | D:1      | Reached XP level 2. HP: 19/19 MP: 2/2
   288 | D:1      | 288 ||| Stepping ~*~*~tactically~*~*~ (stealth).
   692 | D:1      | 692 ||| UPGRADING to +0 pair of boots.
   697 | D:1      | 697 ||| UPGRADING to +2 helmet.
   702 | D:1      | 702 ||| READING scroll labelled GEKANADELOZECO.
   703 | D:1      | 703 ||| READING scroll labelled TUUFFIS BIEL.
   704 | D:1      | 704 ||| READING scroll labelled ACECUTR XACH.
   747 | D:2      | Reached skill level 3 in Axes
   747 | D:2      | Reached XP level 3. HP: 23/23 MP: 3/3
  1013 | D:2      | Found a faded altar of an unknown god.
  1106 | D:2      | Reached XP level 4. HP: 25/28 MP: 4/4
  1292 | D:2      | 1292 ||| DROPPING +2 helmet.
  1293 | D:2      | 1293 ||| UPGRADING to amulet of the acrobat.
  1298 | D:2      | 1298 ||| READING scroll labelled QAPY XELEWA.
  1302 | D:2      | 1302 ||| READING scroll labelled IBIPNO LAPNENU.
  1403 | D:2      | 1403 ||| DRINKING 2 purple potions.
  1404 | D:2      | 1404 ||| DRINKING 2 bubbling grey potions.
  1405 | D:2      | 1405 ||| DROPPING potion of brilliance.
  1438 | D:3      | Reached skill level 4 in Axes
  1451 | D:3      | 1451 ||| Stepping ~*~*~tactically~*~*~ (hiding).
  1452 | D:3      | 1452 ||| Stepping ~*~*~tactically~*~*~ (hiding).
  1460 | D:3      | 1460 ||| Stepping ~*~*~tactically~*~*~ (stealth).
  1464 | D:3      | Noticed Grinder
  1478 | D:3      | 1478 ||| Stepping ~*~*~tactically~*~*~ (hiding).
  1480 | D:3      | Paralysed by Grinder for 4 turns
  1500 | D:3      | Paralysed by Grinder for 4 turns
  1506 | D:3      | Paralysed by Grinder for 5 turns
  1515 | D:3      | HP: 7/28 [Grinder (4)]
  1517 | D:3      | Paralysed by Grinder for 5 turns
  1522 | D:3      | HP: 6/28 [adder (2)]
  1525 | D:3      | HP: 2/28 [gnoll/+0 club (2)]
  1526 | D:3      | Slain by Grinder

Levels and vault maps discovered:
D:1:      eino_arrival_cavern_a, layout_loops_cross, grunt_decor_cap,
          minmay_misc_feat_chi, hangedman_abyss_or_decor_lesser_grid
D:2:      layout_basic, hellmonk_ecumenical_altar_zigzags, amethyst_killhole
D:3:      layout_rooms, tso_oasis_becter, uniq_crazy_yiuf_cottage, uniq_grinder

Skill      XL: |  1  2  3  4 |
---------------+-------------+-----
Axes           | 2 3 4 |  4.3
Fighting       | |  3.2
Armour         | |  3.2
Shields        | |  3.2

Action                     |  1- 3 |  4- 6 || total
---------------------------+-------+-------++-------
  Melee: War axe           |    66 |    40 ||   106
  Throw: Boomerang         |    35 |    10 ||    45
    Use: Scroll            |     3 |     2 ||     5
         Potion            |       |     2 ||     2
 Armour: Scale mail        |    35 |    28 ||    63
  Dodge: Dodged            |    32 |    18 ||    50
  Block: Buckler           |    10 |     6 ||    16

Table legend:
 A = Non-vault XP
 B = Vault XP
 C = Vault XP percentage of total XP
 D = Non-vault monster count
 E = Vault monster count
 F = Vault count percentage of total count
                 A         B        C        D         E       F
            +---------+---------+-------+---------+---------+-------
      Total |     141 |       0 |   0.0 |      36 |       0 |   0.0
            +---------+---------+-------+---------+---------+-------
        D:1 |      22 |       0 |   0.0 |      12 |       0 |   0.0
        D:2 |      75 |       0 |   0.0 |      15 |       0 |   0.0
        D:3 |      44 |       0 |   0.0 |       9 |       0 |   0.0
            +---------+---------+-------+---------+---------+-------
